 Dungeon Crawl Stone Soup version 0.22-b1-59-g0aedee7 (webtiles) character file.

26 MTVSty1e the Firebug (level 2, 0/23 HPs)
             Began as a Draconian Fire Elementalist on Aug 9, 2018.
             Slain by Terence
             ... wielding a +0 trident
              (8 damage)
             ... on level 2 of the Dungeon.
             The game lasted 00:02:07 (1639 turns).

MTVSty1e the Firebug (Draconian Fire Elementalist)  Turns: 1639, Time: 00:02:07

Health: 0/23       AC:  4    Str: 10    XL:     2   Next: 89%
Magic:  0/5        EV:  9    Int: 15    God:
Gold:   36         SH:  6    Dex: 11    Spells: 4/5 levels left

rFire    . . .     SeeInvis .   a - +0 dagger
rCold    . . .     Gourm    .   d - +0 shield
rNeg     . . .     Faith    .   (armour unavailable)
rPois    .         Spirit   .   (helmet restricted)
rElec    .         Reflect  .   (no cloak)
rCorr    .         Harm     .   (no gloves)
MR       .....                  (no boots)
Stlth    ++........             (no amulet)
HPRegen  0.07/turn              (no ring)
MPRegen  0.09/turn              (no ring)

@: very slightly contaminated
A: unfitting armour, cold-blooded, AC +4
a: no special abilities


You were on level 2 of the Dungeon.
You were not hungry.

You visited 1 branch of the dungeon, and saw 2 of its levels.

You collected 36 gold pieces.

Inventory:

Hand Weapons
 a - a +0 dagger (weapon)
Armour
 d - a +0 shield (worn)
Scrolls
 e - a scroll of random uselessness {unknown}
Potions
 c - 2 potions of curing {unknown}
Comestibles
 b - 2 rations


   Skills:
 * Level 1.5 Fighting
 - Level 2.0 Dodging
 - Level 1.7 Stealth
 * Level 0.5 Shields
 + Level 2.1 Spellcasting
 + Level 1.4 Conjurations
 + Level 3.2 Fire Magic


You had 4 spell levels left.
You knew the following spells:

 Your Spells              Type           Power        Failure   Level  Hunger
a - Flame Tongue          Conj/Fire      #....        50%         1    #......

Your spell library contained the following spells:

 Spells                   Type           Power        Failure   Level  Hunger
 Fireball                 Conj/Fire      #.........   100%        5    ######.
 Conjure Flame            Conj/Fire      #.......     86%         3    ###....
 Throw Flame              Conj/Fire      #.....       63%         2    ###....
 Sticky Flame             Conj/Fire      #.......     99%         4    #####..
 Inner Flame              Hex/Fire       #.......     92%         3    ###....


Dungeon Overview and Level Annotations

Branches:
Dungeon (2/15)

Altars:

Annotations:
D:2 Terence


Innate Abilities, Weirdness & Mutations

Your plain brown scales are hard. (AC +4)
You cannot fit into any form of body armour.
You are cold-blooded and may be slowed by cold attacks.


Message History

Terence is moderately wounded.
Terence barely misses you.
Casting: Flame Tongue (safe; 50% risk of failure)
Confirm with . or Enter, or press ? or * to list all spells.
Aiming: Flame Tongue (safe; 50% risk of failure)
Press: ? - help, Shift-Dir - straight line, f/p - Terence
Aim: Terence, wielding a trident and wearing a scale mail (moderately wounded)
You miscast Flame Tongue.
Nothing appears to happen.
Terence hits you with a trident.
Casting: Flame Tongue (safe; 50% risk of failure)
Confirm with . or Enter, or press ? or * to list all spells.
Aiming: Flame Tongue (safe; 50% risk of failure)
Press: ? - help, Shift-Dir - straight line, f/p - Terence
Aim: Terence, wielding a trident and wearing a scale mail (moderately wounded)
The flame tongue hits Terence.
Terence appears unharmed.
Terence is moderately wounded.
You barely miss Terence.
Your tail-slap misses Terence.
Terence is moderately wounded.
Terence hits you with a trident!
You die...

#...#.####'####..###......#
###.#.##...........'.......
).....##......(..## .......
.......#.........# .......
.......#.........# ####...
.......####.####'###
.......# #'# #....#
.......# ... #.[..#
.......# .... #.@..#
.......##... #.@..#
.......##. #....# .......#
#....# ######## #.....
#...... #....... ##....###


You could see Terence.

Vanquished Creatures
  A worm (D:2)
  A dart slug (D:1)
  A leopard gecko (D:1)
  2 ball pythons
  A giant cockroach (D:2)
  2 goblins
  4 hobgoblins
  3 kobolds
  3 bats
  A frilled lizard (D:1)
19 creatures vanquished.

Notes
Turn   | Place    | Note
-------+----------+-------------------------------------------
     0 | D:1      | MTVSty1e the Draconian Fire Elementalist began the quest for the Orb.
     0 | D:1      | Reached XP level 1. HP: 14/14 MP: 3/3
   176 | D:1      | Reached skill level 1 in Fighting
   220 | D:1      | Reached XP level 2. HP: 15/23 MP: 5/5
  1616 | D:2      | Noticed Terence
  1639 | D:2      | Slain by Terence

Skill      XL: |  1  2 |
---------------+-------+-----
Fighting       | 1 |  1.5
Dodging        | 2 |  2.0
Stealth        | |  1.7
Shields        | |  0.5
Spellcasting   | |  2.1
Conjurations   | |  1.4
Fire Magic     | |  3.2

Action                   || total
-------------------------++-------
Melee: Dagger            ||    80
       Tailslap          ||     6
       Unarmed           ||     3
 Cast: Flame Tongue      ||     8
 Stab: Sleeping          ||     2
  Eat: Ration            ||     1
       Chunk             ||     1
Armor: Skin              ||    23
Dodge: Dodged            ||    59
Block: Shield            ||    19
